AoeStats
← madmoldo-

Arabia

508332992Analyzed
4v4 RM · 12d ago on Sep 22, 2026· 68m 22s· 8 players
Game mode
Random Map
Map size
Large (8 player)
Population
200
Speed
Normal
Resources
Standard
Victory
Conquest
Starting age
Dark Age
Ending age
Imperial Age
RankedLock teamsTeams togetherTeam positionsShared explorationLock speedFull tech treeHidden civsTurbo modeCheats
Victory
Defeat
🇲🇩 Celts · Moldova
792
+7
🇲🇩 Armenians · Moldova
657
+12
🇲🇩 Persians · Moldova
613
+13
🇲🇩 Khmer · Moldova
583
+15
🇨🇴 Persians · Colombia
650
-15
🇹🇷 Jurchens · Türkiye
600
-13
🇨🇳 Shu · China
517
-10
🇨🇳 Khmer · China
481
-9
ceremison
0:29 Loom
12:14 Feudal Age
13:08 Double-Bit Axe
19:59 Castle Age
18:21 Gold Mining
18:13 Horse Collar
21:07 Bow Saw
29:15 Gold Shaft Mining
28:31 Stone Mining
30:23 Heavy Plow
32:47 Stone Shaft Mining
39:16 Wheelbarrow
gamezduarte
1:17 Loom
12:28 Feudal Age
16:45 Castle Age
14:48 Stone Mining
17:57 Stone Shaft Mining
18:03 Double-Bit Axe
19:38 Town Watch
北风
0:37 Loom
12:09 Feudal Age
12:35 Double-Bit Axe
12:33 Horse Collar
14:01 Gold Mining
15:37 Stone Mining
19:35 Wheelbarrow
19:51 Arson
23:06 Castle Age
25:42 Caravan
27:27 Hand Cart
32:45 Gold Shaft Mining
33:38 Husbandry
34:58 Heavy Plow
35:42 Scale Barding Armor
35:48 Forging
43:20 Chain Barding Armor
44:17 Scale Mail Armor
44:22 Squires
48:23 Imperial Age
47:19 Pikeman
48:51 Elite White Feather Guard
49:33 Bolt Magazine
50:09 Hoardings
49:56 Conscription
49:45 Halberdier
50:37 Coiled Serpent Array
50:01 Heavy Hei Guang Cavalry
52:32 Plate Barding Armor
51:51 Fletching
52:18 Chain Mail Armor
52:04 Padded Archer Armor
53:25 Murder Holes
53:16 Arrowslits
54:33 Chemistry
53:55 Ballistics
53:46 Masonry
53:42 Siege Engineers
56:29 Devotion
63:04 Bow Saw
AYW
12:37 Feudal Age
15:59 Horse Collar
16:15 Double-Bit Axe
20:40 Wheelbarrow
30:08 Castle Age
29:37 Scale Barding Armor
29:33 Scale Mail Armor
29:43 Forging
29:35 Padded Archer Armor
33:59 Fletching
37:07 Heavy Plow
36:44 Man-at-Arms
38:01 Chain Barding Armor
37:57 Chain Mail Armor
38:17 Iron Casting
49:10 Coinage
53:10 Bow Saw
58:16 Hand Cart
58:56 Caravan
no gamble no future
9:41 Feudal Age
10:23 Double-Bit Axe
12:06 Horse Collar
14:15 Stone Mining
21:37 Castle Age
22:07 Forging
21:57 Scale Mail Armor
24:08 Iron Casting
23:49 Chain Mail Armor
25:21 Gold Mining
27:00 Loom
27:52 Wheelbarrow
28:03 Gold Shaft Mining
29:41 Heavy Plow
30:07 Hand Cart
30:33 Bow Saw
33:01 Stone Shaft Mining
33:12 Fervor
51:54 Imperial Age
52:38 Sanctity
52:14 Capped Ram
53:46 Conscription
52:47 Elite Woad Raider
53:42 Furor Celtica
53:45 Siege Ram
58:41 Heavy Scorpion
59:29 Treadmill Crane
59:37 Arrowslits
60:17 Murder Holes
61:29 Plate Mail Armor
61:59 Blast Furnace
62:05 Blast Furnace
62:13 Town Watch
68:45 Stronghold
appdata
13:20 Feudal Age
13:25 Man-at-Arms
13:51 Arson
14:08 Long Swordsman
15:05 Forging
15:48 Scale Mail Armor
34:49 Castle Age
44:30 Horse Collar
46:14 Heavy Plow
46:44 Double-Bit Axe
47:53 Squires
47:13 Pikeman
49:09 Chain Mail Armor
51:00 Halberdier
52:11 Fishing Lines
52:51 Gillnets
55:25 Iron Casting
55:58 Bow Saw
57:02 Stone Mining
57:05 Gold Mining
68:03 Imperial Age
madmoldo-
13:14 Feudal Age
13:43 Horse Collar
13:51 Double-Bit Axe
17:12 Wheelbarrow
19:53 Padded Archer Armor
19:54 Scale Mail Armor
20:06 Forging
20:10 Gold Mining
20:12 Man-at-Arms
21:19 Fletching
22:08 Arson
30:25 Castle Age
30:12 Bloodlines
30:18 Scale Barding Armor
31:46 Hand Cart
31:48 Bow Saw
32:18 Gold Shaft Mining
31:49 Heavy Plow
31:43 Stone Mining
32:32 Leather Archer Armor
35:37 Chain Barding Armor
35:13 Bodkin Arrow
35:54 Iron Casting
35:35 Chain Mail Armor
35:00 Crossbowman
35:48 Elite Skirmisher
35:54 Pikeman
37:58 Husbandry
39:16 Ballistics
40:48 Long Swordsman
42:08 Caravan
45:15 Imperial Age
42:37 Light Cavalry
44:37 Stone Shaft Mining
46:18 Conscription
46:02 Tusk Swords
46:05 Double Crossbow
47:31 Ring Archer Armor
47:37 Plate Barding Armor
48:04 Crop Rotation
47:56 Halberdier
47:56 Two-Handed Swordsman
49:13 Bracer
49:29 Arbalester
50:06 Elite Ballista Elephant
53:35 Blast Furnace
56:09 Chemistry
67:23 Hussar
valentindumitrasko
11:35 Feudal Age
15:44 Double-Bit Axe
15:41 Horse Collar
20:51 Castle Age
19:12 Stone Mining
20:54 Bloodlines
24:18 Squires
26:30 Pikeman
33:54 Husbandry
36:56 Kamandaran
37:44 Stone Shaft Mining
39:04 Wheelbarrow
40:05 Hand Cart
39:37 Loom
39:38 Town Watch
40:07 Gold Mining
41:35 Forging
41:31 Scale Barding Armor
41:19 Fletching
45:53 Imperial Age
43:17 Light Cavalry
47:00 Bow Saw
46:54 Heavy Plow
47:21 Conscription
48:17 Town Patrol
48:27 Elite War Elephant
49:45 Chain Barding Armor
50:02 Iron Casting
49:34 Scale Mail Armor
53:21 Plate Barding Armor
53:55 Gold Shaft Mining
53:54 Crop Rotation
54:27 Two-Man Saw
55:33 Blast Furnace
54:53 Hussar
56:28 Guilds
56:43 Ballistics
57:26 Chemistry
57:56 Parthian Tactics
57:40 Thumb Ring
59:30 Bodkin Arrow
59:36 Padded Archer Armor
63:20 Leather Archer Armor
63:21 Chain Mail Armor
63:51 Heavy Cavalry Archer
66:07 Murder Holes
66:23 Masonry
69:17 Hoardings
Connection lost

Rejoining the realm…

Still unreachable

The connection could not be restored.

Session expired

The server has moved on; the page needs a fresh start.